 Seeded DCSS version 0.29.1-15-g9cfb28693d (webtiles) character file.

Game seed: 6076705715975610250 (custom seed)

12 Sanktem7 the Trooper (level 2, 0/27 HPs)
             Began as a Minotaur Fighter on Mar 13, 2023.
             Succumbed to a goblin's poison
             ... on level 1 of the Dungeon.
             The game lasted 00:00:43 (257 turns).

Sanktem7 the Trooper (Minotaur Fighter)              Turns: 257, Time: 00:00:43

Health: 0/27       AC:  7    Str: 20    XL:     2   Next: 20%
Magic:  1/1        EV:  9    Int:  5    God:
Gold:   11         SH:  4    Dex:  9    Spells: 1/1 levels left

rFire   . . .      SeeInvis .   a - +0 war axe {axe}
rCold   . . .      Faith    .   c - +0 buckler
rNeg    . . .      Spirit   .   b - +0 scale mail
rPois   .          Reflect  .   (helmet restricted)
rElec   .          Harm     .   (no cloak)
rCorr   .          Rampage  .   (no gloves)
Will    .....                   (no boots)
Stlth   ..........              (no amulet)
HPRegen 0.09/turn               (no ring)
MPRegen 0.07/turn               (no ring)

@: lethally poisoned (0 -> -9)
A: horns 2, retaliatory headbutt
a: no special abilities


You were on level 1 of the Dungeon.
You visited 1 branch of the dungeon, and saw 1 of its levels.

You collected 11 gold pieces.


Innate Abilities, Weirdness & Mutations

You have a pair of horns on your head.
You reflexively headbutt those who attack you in melee.


   Skills:
 + Level 3.8 Fighting
 * Level 3.0 Axes
 + Level 3.8 Armour
 + Level 3.8 Shields


You had one spell level left.
You didn't know any spells.
Your spell library was empty.

Inventory:

Hand Weapons
 a - a +0 war axe (weapon) {axe}
Missiles
 f - 4 stones (quivered) {throwing}
Armour
 b - a +0 scale mail (worn)
 c - a +0 buckler (worn)
Jewellery
 g - a ring of resist corrosion
   (You found it on level 1 of the Dungeon)
Scrolls
 e - a scroll of acquirement {unknown}
Potions
 d - a potion of might

Dungeon Overview and Level Annotations

Branches:
Dungeon (1/15) Zot: 5731

Altars:

# . . ###### . ...... #
#... ###...... #...
#........ #
#.....#.#.#.#.# #
#.....#@....... #
#.....#.#.#.#..
######+###.....#).......
........##.......#.#.#..
...........#.###........
........####.##.........
........####.##.########
........##......#
.........#.#........#


There were no monsters in sight!


Message History

You kill the giant cockroach!
You have reached level 2! 😮 HP[+5] MP[+1]
You now have 27 max hp (+7).
You regained 5 hp, and now have 19/27 hp.
Your mp is fully restored (1).
Key pressed, stopping explore.
f - 2 stones {throwing}
Things that are here:
a +0 club {mace}; a kobold corpse You see here a bat corpse.
Key pressed, stopping explore.
g - a ring of resist corrosion 😎 HP[+8]
Your hp is fully restored (27).
Found a stone staircase leading down.
f - 4 stones {throwing} (gained 2)
A ball python comes into view.
The ball python hisses angrily.
A ball python is nearby!
A ball python is nearby!
A ball python is nearby!
A ball python is nearby!
You slash the ball python!
You kill the ball python!
No target in view!
No target in view!
No target in view!
No target in view!
No target in view!
A goblin comes into view. It is wielding a +0 club.
The goblin shouts!
There is a stone staircase leading down here.
A goblin is nearby!
A goblin is nearby!
A goblin is nearby!
The goblin hits you but does no damage.
You barely miss the goblin. You headbutt the goblin.
You kill the goblin!
No target in view!
No target in view!
No target in view!
No target in view!
No target in view!
A goblin comes into view. It is wielding a +2 dagger of venom.
The goblin shouts!
A goblin is nearby!
A goblin is nearby!
You block the goblin's attack.
You closely miss the goblin. Your headbutt misses the goblin.
The goblin hits you with a +2 dagger of venom. 😕 HP[-1]
You take 1 damage, and now have 26/27 hp.
You miss the goblin. The goblin hits you but does no damage.
You are poisoned.
You completely miss the goblin.
You feel sick. You block the goblin's attack.
The goblin closely misses you. 😕 HP[-2]
You take 2 damage, and now have 24/27 hp.
You closely miss the goblin.
You feel sick. You block the goblin's attack. 😕 HP[-1]
You take 1 damage, and now have 23/27 hp.
You closely miss the goblin.
You feel sick.
The goblin hits you with a +2 dagger of venom.
You are more poisoned.
The goblin barely misses you. 😮 HP[-4]
You take 4 damage, and now have 19/27 hp.
You completely miss the goblin. Your headbutt misses the goblin.
You feel very sick. The goblin closely misses you. 😮 HP[-3]
You take 3 damage, and now have 16/27 hp.
You barely miss the goblin.
You feel very sick. The goblin hits you but does no damage.
You are lethally poisoned!
The goblin hits you but does no damage. 😨 HP[-3]
You take 3 damage, and now have 13/27 hp.
You slash the goblin!
You kill the goblin!
* * * LOW HITPOINT WARNING * * *
You feel very sick.
Your Axes skill increases to level 3! 😨 HP[-6]
You take 6 damage, and now have 7/27 hp.
MASSIVE DAMAGE!! (PAUSE)
There is a lethal amount of poison in your body!
There is a lethal amount of poison in your body!
* * * LOW HITPOINT WARNING * * *
You feel very sick.
You see here a +2 dagger of venom {short}. 😱 HP[-3]
You take 3 damage, and now have 4/27 hp.
* * * LOW HITPOINT WARNING * * *
You feel sick. 😱 HP[-2]
You take 2 damage, and now have 2/27 hp.
You die...

Skill      XL: |  1  2 |
---------------+-------+-----
Axes           | 3 |  3.0
Fighting       | |  3.8
Armour         | |  3.8
Shields        | |  3.8

Action                   || total
-------------------------++-------
Melee: War axe           ||    28
       Headbutt          ||     2
Armor: Scale mail        ||    23
Dodge: Dodged            ||    14
Block: Buckler           ||    13

Levels and vault maps discovered:
D:1:      giann_horns, layout_basic, ebering_ecumenical_altar_hall,
          serial_glass, glass_columns_b, glass_columns_c, glass_columns_a,
          kennysheep_doodads

Notes
Turn   | Place    | Note
-------+----------+-------------------------------------------
     0 | D:1      | Sanktem7 the Minotaur Fighter began the quest for the Orb.
     0 | D:1      | Reached XP level 1. HP: 19/19 MP: 0/0
     0 | D:1      | magus.rc [v1.9.6]
   114 | D:1      | Reached XP level 2. HP: 19/27 MP: 1/1
   255 | D:1      | Reached skill level 3 in Axes
   255 | D:1      | HP: 4/27 [poisoned by a goblin]
   257 | D:1      | Succumbed to a goblin's poison

Vanquished Creatures
  2 bats (D:1)
  An endoplasm (D:1)
  2 giant cockroaches (D:1)
  2 goblins (D:1)
  A hobgoblin (D:1)
  A kobold (D:1)
  A ball python (D:1)
10 creatures vanquished.

Table legend:
 A = Non-vault XP
 B = Vault XP
 C = Vault XP percentage of total XP
 D = Non-vault monster count
 E = Vault monster count
 F = Vault count percentage of total count
                 A         B        C        D         E       F
            +---------+---------+-------+---------+---------+-------
      Total |      18 |       0 |   0.0 |      10 |       0 |   0.0
            +---------+---------+-------+---------+---------+-------
        D:1 |      18 |       0 |   0.0 |      10 |       0 |   0.0
            +---------+---------+-------+---------+---------+-------

Illustrated notes

Table legend:
 A = Kills in this place as a percentage of kills in entire the game.
 B = Kills by you in this place as a percentage of kills by you in the entire game.
 C = Kills by friends in this place as a percentage of kills by friends in the entire game.
 D = Other kills in this place as a percentage of other kills in the entire game.
 E = Experience gained in this place as a percentage of experience gained in the entire game.
 F = Experience gained in this place divided by the number of levels of this place that you have seen.
                   A       B       C       D       E      F
               +-------+-------+-------+-------+-------+----------------------
         Total | 100.0 | 100.0 |   N/A |   N/A | 100.0 |  18.0
       Dungeon | 100.0 | 100.0 |   N/A |   N/A | 100.0 |  18.0
               +-------+-------+-------+-------+-------+----------------------

Table legend: (Time is in decaauts)
 A = Elapsed time spent in this place.
 B = Non-inter-level travel time spent in this place.
 C = Inter-level travel time spent in this place.
 D = Time resting spent in this place.
 E = Time spent auto-exploring this place.
 F = Levels seen in this place.
 G = Mean time per level.
                   A        B        C        D        E       F      G
               +--------+--------+--------+--------+--------+-----+--------+
         Total |    268 |    268 |      0 |      0 |    189 |   1 |  268.0 |
       Dungeon |    268 |    268 |      0 |      0 |    189 |   1 |  268.0 |
               +--------+--------+--------+--------+--------+-----+--------+

Top non-repeatable levels by time:
     D:1: 268 daAuts
